 Dungeon Crawl Stone Soup version 0.18-a0-1800-gdc7a371 (webtiles) character file.

56 wvc the Slasher (level 3, 7/24 HPs)
             Began as a High Elf Gladiator on Apr 24, 2016.
             Quit the game on level 3 of the Dungeon.
             The game lasted 00:02:08 (1733 turns).

wvc the Slasher (High Elf Gladiator)                Turns: 1733, Time: 00:02:09

Health: 7/24       AC:  7    Str: 14    XL:     3   Next: 69%
Magic:  4/4        EV: 12    Int: 11    God:
Gold:   135        SH:  0    Dex: 17    Spells: 0 memorised, 2 levels left

rFire  . . .     SeeInvis .     a - +0 long sword
rCold  . . .     Gourm    .     b - +0 ring mail (curse)
rNeg   . . .     Faith    .     (no shield)
rPois  .         Spirit   .     c - +0 helmet
rElec  .         Dismiss  .     n - +0 cloak
rCorr  .         Reflect  .     (no gloves)
SustAt .         Harm     .     (no boots)
MR     .....                    (no amulet)
Stlth  +.........               (no ring)
                                (no ring)

@: not resistant to hostile enchantments, very unstealthy
A: no striking features
a: no special abilities


You were on level 3 of the Dungeon.
You were not hungry.

You visited 1 branch of the dungeon, and saw 3 of its levels.

You collected 135 gold pieces.

Inventory:

Hand Weapons
 a - a +0 long sword (weapon)
Missiles
 d - 3 throwing nets (quivered)
Armour
 b - a cursed +0 ring mail (worn)
 c - a +0 helmet (worn)
 n - a +0 cloak (worn)
Wands
 s - a wand of enslavement (9/24)
Scrolls
 e - a scroll of blinking {unknown}
 g - 7 scrolls of teleportation {unknown}
 h - a scroll of amnesia {unknown}
 k - 2 scrolls of identify {unknown}
 l - a scroll of remove curse {unknown}
 p - a scroll of noise {unknown}
 r - a scroll of fear {unknown}
 u - a scroll of immolation {unknown}
Potions
 i - 2 potions of curing {unknown}
 j - a potion of degeneration {unknown}
 m - a potion of invisibility {unknown}
 o - a potion of flight {unknown}
 q - a potion of brilliance {unknown}
 t - a potion of mutation {unknown}
Comestibles
 f - 3 bread rations


   Skills:
 - Level 2.0 Fighting
 + Level 5.7 Long Blades
 - Level 2.0 Throwing
 - Level 3.2 Dodging


You had 2 spell levels left.
You didn't know any spells.

Dungeon Overview and Level Annotations

Branches:
Dungeon (2/15)

Altars:


Message History

You barely miss the orc. The orc barely misses you.
The orc priest calls down the wrath of Beogh upon you.
Beogh smites you!
Ouch! That really hurt!
* * * LOW HITPOINT WARNING * * *
The orc hits you but does no damage.
You are too injured to fight recklessly!
You are too injured to fight recklessly!
You are too injured to fight recklessly!
You closely miss the orc. The orc closely misses you.
You closely miss the orc. The orc barely misses you.
You hit the orc.
The orc is lightly wounded.
The orc closely misses you.
You closely miss the orc.
The orc is lightly wounded.
The orc barely misses you.
You slash the orc!
You kill the orc!
Are you sure you want to abandon this character and quit the game? (Confirm with "yes".)

#.#.#.........#
..#.####.####>#
###......# #.#
###########.# #
#.#.### #
#....# # ##.#.#
####. #
##..##...... #
##.@oo..... #
#..##.....! #
#...# ####. #
#.#### #.# #. #


You could see an orc priest and an orc.

Vanquished Creatures
  2 worms (D:2)
  A dart slug (D:1)
  3 orcs (D:3)
  2 giant cockroaches
  4 goblins
  5 hobgoblins
  4 jackals (D:2)
  4 kobolds
  A quokka (D:2)
  7 bats
  3 giant newts
  6 rats
42 creatures vanquished.

Notes
Turn   | Place    | Note
--------------------------------------------------------------
     0 | D:1      | wvc the High Elf Gladiator began the quest for the Orb.
     0 | D:1      | Reached XP level 1. HP: 14/14 MP: 2/2
     6 | D:1      | Noticed a black bear
     6 | D:1      | Noticed a hound
     6 | D:1      | Noticed a lindwurm
    73 | D:1      | Reached skill level 4 in Long Blades
   167 | D:1      | Reached XP level 2. HP: 19/19 MP: 3/3
   783 | D:2      | Reached skill level 5 in Long Blades
   824 | D:2      | Reached XP level 3. HP: 12/24 MP: 4/4
  1656 | D:2      | You fall through a shaft!
  1733 | D:3      | Quit the game

Vault maps used:
D:1:      onia_arrival_zoo_common, minmay_misc_feat_encased
D:3:      uniq_crazy_yiuf_cottage

Skill      XL: |  1  2 |
---------------+-------+-----
Long Blades    | 4 5 |  5.7
Fighting       | |  2.0
Throwing       | |  2.0
Dodging        | |  3.2

Action                   || total
-------------------------++-------
Melee: Long sword        ||   109
 Stab: Sleeping          ||     1
  Eat: Meat ration       ||     1
Armor: Leather armour    ||    11
       Ring mail         ||    29
Dodge: Dodged            ||    74
